 Dungeon Crawl Stone Soup version 0.17-a0-288-gaf424a4 (webtiles) character file.

173 xeno23 the Digger (level 5, -2/33 HPs)
             Began as a Gargoyle Earth Elementalist on Mar 30, 2015.
             Slain by an iguana (10 damage)
             ... on level 3 of the Dungeon.
             The game lasted 00:13:40 (2400 turns).

xeno23 the Digger (Gargoyle Earth Elementalist)     Turns: 2400, Time: 00:13:41

Health: -2/33      AC:  6    Str: 12    XL:     5   Next: 53%
Magic:  2/6        EV: 12    Int: 16    God:
Gold:   121        SH:  0    Dex: 10    Spells: 1 memorised, 7 levels left

rFire  . . .     SeeInvis .     a - 134 stones
rCold  . . .     Clarity  .     c - +0 robe
rNeg   + . .     SustAb   .     (no shield)
rPois  ∞         Gourm    .     (no helmet)
rElec  +         Spirit   .     (no cloak)
rCorr  .         Warding  .     (no gloves)
rMut   .         Stasis   .     (no boots)
MR     .....                    (no amulet)
Stlth  ++........               (no ring)
                                (no ring)

@: not resistant to hostile enchantments, unstealthy
A: negative energy resistance 1, electricity resistance, unbreathing,
petrification resistance, rot immunity, AC +4
a: no special abilities


You were on level 3 of the Dungeon.
You were hungry.

You visited 1 branch of the dungeon, and saw 4 of its levels.

You collected 121 gold pieces.

Inventory:

Hand weapons
 g - a +0 short sword
 k - a +0 mace
 y - a +0 falchion
Missiles
 a - 134 stones (in hand)
Armour
 c - a +0 robe (worn)
 i - a +0 leather armour
 j - a +0 buckler
Scrolls
 f - a scroll of teleportation {unknown}
 l - 2 scrolls of remove curse
 m - a scroll of fear {unknown}
 p - a scroll of enchant armour {unknown}
 r - a scroll of blinking {unknown}
 t - a scroll of immolation
Potions
 e - 2 potions of agility
 n - a potion of magic
 o - 2 potions of heal wounds
 q - a potion of cancellation {unknown}
 u - a potion of curing {unknown}
 w - a potion of lignification {unknown}
 x - a potion of mutation
 z - a potion of brilliance {unknown}
 A - a potion of berserk rage {unknown}
Books
 d - a book of Geomancy

   Spells                             Type                      Level
   a - Sandblast                      Earth                        1
   b - Stoneskin                      Transmutation/Earth          2
   c - Passwall                       Transmutation/Earth          3
   d - Stone Arrow                    Conjuration/Earth            3
   e - Petrify                        Transmutation/Earth          4
   f - Lee's Rapid Deconstruction     Earth                        5
Comestibles
 b - 2 bread rations
 s - a beef jerky
 v - a meat ration


   Skills:
 + Level 4.0 Fighting
 - Level 1.5 Dodging
 - Level 2.1 Stealth
 - Level 2.0 Spellcasting
   Level 0.7 Transmutations
 + Level 5.5 Earth Magic


You had 7 spell levels left.
You knew the following spells:

 Your Spells              Type           Power        Failure   Level  Hunger
a - Sandblast             Erth           ###...       1%          1    #......


Dungeon Overview and Level Annotations

Branches:
Dungeon (4/15)
 Temple: D:4-7

Altars:

Annotations:
D:4 FiftyNine's ghost, average HOFE


Innate Abilities, Weirdness & Mutations

You are resistant to torment.
You are immune to poison.
Your stone body is very resilient (AC +4).
You resist negative energy.
You are resistant to electric shocks.
You can survive without breathing.
You are immune to petrification.
You are immune to rotting.


Message History

Press: ? - help, Shift-Dir - straight line, f - iguana
Aim: an iguana The rocky blast hits the iguana.
The iguana is moderately wounded.
The iguana barely misses you.
Casting: Sandblast
Confirm with . or Enter, or press ? or * to list all spells.
Aiming: Sandblast
Press: ? - help, Shift-Dir - straight line, f/p - iguana
Aim: an iguana (moderately wounded)
The rocky blast hits the iguana.
The iguana is severely wounded.
The iguana bites you!
* * * LOW HITPOINT WARNING * * *
You take 12 damage.
Things that are here:
a dagger of electrocution; an orc corpse
There is a stone staircase leading up here.
The iguana bites you!
You die...

........# ...>....#
..#)....#
###.####################
#.# #...............#
#.# #.#############.#
#.# #.# #.#
#.####)########## #.#
#....<.......l@.# #.#
###############.# #.#
#.........#.# #.#
#^#######.#.# #.# #.#
#.#.# #.# #.# #.#.# #.#
#.# #.#.# #.# #.# #.#.#
#.# #.# #.#.# #.#


You could see an iguana.

Vanquished Creatures
  An orc wizard (D:4)
  An orc priest (D:3)
  A worker ant (D:3)
  A giant mite (D:3)
  4 worms
  A giant gecko (D:2)
  5 orcs (D:3)
  7 bats
  4 giant cockroaches
  4 hobgoblins
  7 kobolds
  2 ball pythons (D:2)
  2 giant newts
  10 goblins
  11 rats
61 creatures vanquished.

Notes
Turn   | Place    | Note
--------------------------------------------------------------
     0 | D:1      | xeno23, the Gargoyle Earth Elementalist, began the quest for the Orb.
     0 | D:1      | Reached XP level 1. HP: 10/10 MP: 2/2
   109 | D:1      | Reached skill level 1 in Fighting
   158 | D:1      | Reached XP level 2. HP: 16/16 MP: 0/3
   327 | D:1      | Reached skill level 4 in Earth Magic
   772 | D:2      | Reached XP level 3. HP: 21/21 MP: 0/4
  1253 | D:3      | Reached XP level 4. HP: 9/28 MP: 2/5
  1599 | D:3      | Reached skill level 5 in Earth Magic
  1861 | D:3      | Reached XP level 5. HP: 32/32 MP: 2/6
  2341 | D:4      | Noticed FiftyNine's ghost (average HOFE)
  2400 | D:3      | Slain by an iguana

Action                   |  1- 3 |  4- 6 || total
-------------------------+-------+-------++-------
Melee: Short sword       |   139 |    58 ||   197
Throw: Stone             |     8 |     2 ||    10
 Cast: Sandblast         |    15 |    25 ||    40
  Use: Scroll            |       |     6 ||     6
 Stab: Sleeping          |     3 |     1 ||     4
  Eat: Chunk             |     2 |     3 ||     5
